 Dungeon Crawl Stone Soup version 0.29-a0-359-g541a27f54d (webtiles) character file.

Game seed: 10424490817628195499

268 zeratav the Archer (level 6, -9/35 HPs)
             Began as a Tengu Hunter on Apr 27, 2022.
             Killed by nerve-wracking pain
             ... invoked by Grinder
              (14 damage)
             ... on level 3 of the Dungeon.
             The game lasted 00:02:55 (2489 turns).

zeratav the Archer (Tengu Hunter)                   Turns: 2489, Time: 00:02:56

Health: -9/35      AC:  4    Str: 11    XL:     6   Next: 21%
Magic:  7/7        EV: 15    Int: 10    God:
Gold:   150        SH:  0    Dex: 19    Spells: 5/5 levels left

rFire   + . .      SeeInvis .   a - +1 shortbow {bow}
rCold   . . .      Faith    .   (shield currently unavailable)
rNeg    . . .      Spirit   .   q - +2 robe {rF+}
rPois   .          Reflect  .   (helmet restricted)
rElec   .          Harm     .   (no cloak)
rCorr   .          Rampage  .   (no gloves)
Will    .....                   (boots unavailable)
Stlth   ++........              i - amulet of the acrobat
HPRegen 0.11/turn               (no ring)
MPRegen 0.10/turn               (no ring)

@: flying quickly and evasively, quick
A: beak, talons 3, nimble flight
a: no special abilities


You were on level 3 of the Dungeon.
You visited 1 branch of the dungeon, and saw 3 of its levels.

You collected 150 gold pieces.


Innate Abilities, Weirdness & Mutations

You have a beak for a mouth.
You have claws for feet.
Your magical nature lets you fly swiftly and evasively.


   Skills:
 - Level 2.0 Fighting
 + Level 8.0 Bows
 - Level 2.1 Dodging
 - Level 1.0 Stealth


You had 5 spell levels left.
You didn't know any spells.
Your spell library contained the following spells:

 Spells                   Type           Power      Damage    Failure   Level
 Magic Dart               Conj           0%         1d3       36%         1
 Sandblast                Erth           0%         2d4       36%         1
 Call Imp                 Summ           0%         N/A       50%         2
 Passwall                 Tmut/Erth      0%         N/A       50%         2
 Searing Ray              Conj           0%         2d4       50%         2
 Mephitic Cloud           Conj/Pois/Air  0%         N/A       75%         3
 Stone Arrow              Conj/Erth      0%         3d7       75%         3
 Fulminant Prism          Conj/Hex       0%         3d6       98%         4

Inventory:

Hand Weapons
 a - a +1 shortbow (weapon) {bow}
 b - a +0 halberd of protection {polearm}
   (You took it off a gnoll on level 3 of the Dungeon)
 f - a +2 dagger of venom {short}
   (You found it on level 1 of the Dungeon)
Armour
 q - a +2 robe of fire resistance (worn)
   (You took it off Sigmund on level 3 of the Dungeon)
Jewellery
 i - an amulet of the acrobat (around neck)
   (You found it on level 2 of the Dungeon)
Scrolls
 c - a scroll of immolation {!r!r}
 d - a scroll of magic mapping {unknown}
 h - 2 scrolls of identify {unknown}
 o - 2 scrolls of fear {unknown}
Potions
 e - a potion of haste {unknown}
 j - a potion of curing {unknown}
 k - a potion of lignification {unknown}
 m - 3 potions of attraction {unknown}
 n - a potion of mutation {unknown}
 r - a potion of flight {unknown}

Dungeon Overview and Level Annotations

Branches:
Dungeon (3/15)

Altars:

Annotations:
D:3 Grinder

..#.........#
#.#.........#
...........#
..........# ..
#...8#8...#
....######...#)#...#
......5@##...8#8...#
.....##...........#
...#.###)#.....####
# #..[..###.#...#
####...##.###..#
#...#..#.### ##
#...####.#...#####
##.. #..##.....# #..
##.##...[.#


You could see Grinder.


Message History

Shoot: a) +1 shortbow {bow}
Press: ? - help, Q - select action Shift-Dir - straight line, f/p - gnoll
Aim: a gnoll, wielding a +0 halberd of protection (lightly wounded, 69% to hit)
You shoot an arrow. The arrow hits the gnoll.
The gnoll hits you from afar with a +0 halberd of protection!
HP[-12]
You take 12 damage, and now have 23/35 hp.
MASSIVE DAMAGE!! (PAUSE) Shoot: a) +1 shortbow {bow}
Press: ? - help, Q - select action Shift-Dir - straight line, f/p - gnoll
Aim: a gnoll, wielding a +0 halberd of protection (moderately wounded, 69% to hit)
You shoot an arrow. The arrow hits the gnoll!
You kill the gnoll!
Your Bows skill increases to level 8!
Shoot: a) +1 shortbow {bow}
Press: ? - help, Q - select action Shift-Dir - straight line, f - gnoll
Aim: a gnoll, wielding a +0 spear (70% to hit)
You shoot an arrow. The arrow closely misses the gnoll.
Shoot: a) +1 shortbow {bow}
Press: ? - help, Q - select action Shift-Dir - straight line, f/p - gnoll
Aim: a gnoll, wielding a +0 spear (70% to hit)
You shoot an arrow. The arrow hits the gnoll!
The gnoll hits you from afar with a +0 spear.
HP[-1]
You take 1 damage, and now have 22/35 hp.
Shoot: a) +1 shortbow {bow}
Press: ? - help, Q - select action Shift-Dir - straight line, f/p - gnoll
Aim: a gnoll, wielding a +0 spear (severely wounded, 70% to hit)
You shoot an arrow. The arrow hits the gnoll.
You kill the gnoll!
HP[+1] Shoot: a) +1 shortbow {bow}
Press: ? - help, Q - select action Shift-Dir - straight line, f - you
Okay, then.
You start resting.
HP[+12]
Your hp is fully restored (35).
Things that are here:
a +0 flail {mace}; a gnoll skeleton
b - a +0 halberd of protection {polearm}
Items here: )) ÷ †.
You see here a +0 club {mace}.
You now have 150 gold pieces (gained 11).
You see here a +0 club {mace}.
You see here a +0 leather armour.
Grinder is nearby!
You shoot an arrow. The arrow barely misses Grinder.
You shoot an arrow.
The arrow hits Grinder but does no damage.
You shoot an arrow. The arrow closely misses Grinder.
You shoot an arrow. The arrow closely misses Grinder.
You shoot an arrow. The arrow barely misses Grinder.
Grinder gestures at you. Pain shoots through your body!
You are too injured to fight recklessly!
You are too injured to fight recklessly!
You are too injured to fight recklessly!
HP[-9]
You take 9 damage, and now have 26/35 hp.
MASSIVE DAMAGE!! (PAUSE) Shoot: a) +1 shortbow {bow}
Press: ? - help, Q - select action Shift-Dir - straight line, f/p - Grinder
Aim: Grinder (64% to hit)
You shoot an arrow. The arrow closely misses Grinder.
Shoot: a) +1 shortbow {bow}
Press: ? - help, Q - select action Shift-Dir - straight line, f/p - Grinder
Aim: Grinder (64% to hit)
You shoot an arrow. The arrow hits Grinder.
Grinder says, "Mostly I couldn't keep them alive."
Grinder hits you!
* * * LOW HITPOINT WARNING * * *
You writhe in agony.
* * * LOW HITPOINT WARNING * * *
Shoot: a) +1 shortbow {bow}
Press: ? - help, Q - select action Shift-Dir - straight line, f/p - Grinder
Aim: Grinder (lightly wounded, 64% to hit)
You shoot an arrow. The arrow hits Grinder!
Grinder barely misses you.
Shoot: a) +1 shortbow {bow}
Press: ? - help, Q - select action Shift-Dir - straight line, f/p - Grinder
Aim: Grinder (heavily wounded, 64% to hit)
You shoot an arrow. The arrow hits Grinder.
Grinder completely misses you.
HP[-12]
You take 12 damage, and now have 14/35 hp.
MASSIVE DAMAGE!! (PAUSE) Shoot: a) +1 shortbow {bow}
Press: ? - help, Q - select action Shift-Dir - straight line, f/p - Grinder
Aim: Grinder (heavily wounded, 64% to hit)
You shoot an arrow. The arrow closely misses Grinder.
Grinder gestures at you. Pain shoots through your body!
* * * LOW HITPOINT WARNING * * *
Shoot: a) +1 shortbow {bow}
Press: ? - help, Q - select action Shift-Dir - straight line, f/p - Grinder
Aim: Grinder (heavily wounded, 64% to hit)
You shoot an arrow. The arrow closely misses Grinder.
Grinder gestures at you. Pain shoots through your body!
You die...

Skill      XL: |  1  2  3  4  5  6 |
---------------+-------------------+-----
Bows           | 5 6 7 8 |  8.0
Fighting       | |  2.0
Dodging        | |  2.1
Stealth        | |  1.0

Action                   |  1- 3 |  4- 6 || total
-------------------------+-------+-------++-------
 Fire: Shortbow          |    97 |    60 ||   157
Armor: Leather armour    |     9 |     1 ||    10
       Robe              |       |     1 ||     1
Dodge: Dodged            |    26 |    17 ||    43

Levels and vault maps discovered:
D:1:      psy_arrival_radial02, layout_loops_ring
D:2:      layout_loops_ring, dreamdust_mushroom_princess, minmay_misc_feat_iff
D:3:      layout_rooms, demons_altar, cheibrodos_sewer_entry_drain,
          minmay_statues_item, uniq_grinder, uniq_ijyb, uniq_sigmund

Notes
Turn   | Place    | Note
-------+----------+-------------------------------------------
     0 | D:1      | zeratav the Tengu Hunter began the quest for the Orb.
     0 | D:1      | Reached XP level 1. HP: 12/12 MP: 2/2
     0 | D:1      | magus.rc [v1.9.6]
   234 | D:1      | Reached XP level 2. HP: 17/17 MP: 3/3
   245 | D:1      | Reached skill level 5 in Bows
   253 | D:1      | You pick up a book of Minor Magic and begin reading...
   253 | D:1      | You add the spells Magic Dart, Call Imp and Mephitic Cloud
                  | to your library.
   539 | D:1      | You pick up a book of Conjurations {@e2} and begin
                  | reading...
   539 | D:1      | You add the spells Searing Ray and Fulminant Prism to your
                  | library.
   576 | D:1      | Reached XP level 3. HP: 16/21 MP: 4/4
   959 | D:2      | You pick up a book of Geomancy and begin reading...
   959 | D:2      | You add the spells Sandblast, Passwall and Stone Arrow to
                  | your library.
  1472 | D:2      | Reached skill level 6 in Bows
  1666 | D:3      | Reached XP level 4. HP: 25/26 MP: 5/5
  1675 | D:3      | Noticed Sigmund
  1685 | D:3      | HP: 5/26 [Sigmund/+0 scythe (12)]
  1956 | D:3      | Killed Sigmund
  1957 | D:3      | Reached skill level 7 in Bows
  1957 | D:3      | Gained mutation: Your magical nature lets you fly swiftly
                  | and evasively. [Tengu growth]
  1957 | D:3      | Reached XP level 5. HP: 17/30 MP: 6/6
  2073 | D:3      | Reached XP level 6. HP: 34/35 MP: 7/7
  2116 | D:3      | Noticed Grinder
  2350 | D:3      | Reached skill level 8 in Bows
  2488 | D:3      | HP: 4/35 [Grinder/nerve-wracking pain (10)]
  2489 | D:3      | Killed from afar by Grinder

Vanquished Creatures
  Sigmund (D:3)
  4 gnolls (D:3)
  An adder (D:2)
  2 worms (D:2)
  3 dart slugs
  An orc (D:3)
  5 endoplasms
  3 giant cockroaches
  5 goblins
  A hobgoblin (D:1)
  A quokka (D:2)
  7 ball pythons
  10 bats
  A frilled lizard (D:1)
  3 kobolds
  3 rats
51 creatures vanquished.

Table legend:
 A = Non-vault XP
 B = Vault XP
 C = Vault XP percentage of total XP
 D = Non-vault monster count
 E = Vault monster count
 F = Vault count percentage of total count
                 A         B        C        D         E       F
            +---------+---------+-------+---------+---------+-------
      Total |     152 |     231 |  60.3 |      50 |       1 |   2.0
            +---------+---------+-------+---------+---------+-------
        D:1 |      38 |       0 |   0.0 |      25 |       0 |   0.0
        D:2 |      42 |       0 |   0.0 |      14 |       0 |   0.0
        D:3 |      72 |     231 |  76.2 |      11 |       1 |   8.3
            +---------+---------+-------+---------+---------+-------

Illustrated notes

Table legend:
 A = Kills in this place as a percentage of kills in entire the game.
 B = Kills by you in this place as a percentage of kills by you in the entire game.
 C = Kills by friends in this place as a percentage of kills by friends in the entire game.
 D = Other kills in this place as a percentage of other kills in the entire game.
 E = Experience gained in this place as a percentage of experience gained in the entire game.
 F = Experience gained in this place divided by the number of levels of this place that you have seen.
                   A       B       C       D       E      F
               +-------+-------+-------+-------+-------+----------------------
         Total | 100.0 | 100.0 |   N/A |   N/A | 100.0 | 127.7
       Dungeon | 100.0 | 100.0 |   N/A |   N/A | 100.0 | 127.7
               +-------+-------+-------+-------+-------+----------------------

Table legend: (Time is in decaauts)
 A = Elapsed time spent in this place.
 B = Non-inter-level travel time spent in this place.
 C = Inter-level travel time spent in this place.
 D = Time resting spent in this place.
 E = Time spent auto-exploring this place.
 F = Levels seen in this place.
 G = Mean time per level.
                   A        B        C        D        E       F      G
               +--------+--------+--------+--------+--------+-----+--------+
         Total |   2521 |   2498 |     23 |    664 |   1517 |   3 |  840.3 |
       Dungeon |   2521 |   2498 |     23 |    664 |   1517 |   3 |  840.3 |
               +--------+--------+--------+--------+--------+-----+--------+

Top non-repeatable levels by time:
     D:2: 1231 daAuts
     D:1: 912 daAuts
     D:3: 378 daAuts
